AoeStats
← alexocre.af

Black Forest

505737071Analyzed
1v1 RM · 23d ago on Sep 10, 2026· 55m 20s· 2 players
Game mode
Random Map
Map size
Tiny (2 player)
Population
200
Speed
Normal
Resources
Standard
Victory
Conquest
Starting age
Dark Age
Ending age
Imperial Age
RankedLock teamsTeams togetherTeam positionsShared explorationLock speedFull tech treeHidden civsTurbo modeCheats
Victory
Defeat
🇧🇷 Bohemians · Brazil
874
+16
🇨🇴 Magyars · Colombia
877
-16
alexocre.af
1:04 Loom
12:52 Feudal Age
13:21 Horse Collar
13:27 Double-Bit Axe
15:01 Town Watch
19:13 Fletching
21:28 Wheelbarrow
21:07 Fishing Lines
21:54 Padded Archer Armor
28:43 Castle Age
27:30 Forging
28:47 Crossbowman
30:49 Gillnets
31:27 Masonry
30:44 Elite Skirmisher
35:57 Treadmill Crane
36:39 Ballistics
38:08 Heavy Plow
38:50 Bodkin Arrow
40:36 Scale Barding Armor
41:50 Chain Barding Armor
42:01 Husbandry
43:01 Squires
42:22 Pikeman
44:03 Scale Mail Armor
44:11 Devotion
45:34 Chemistry
44:29 Murder Holes
46:46 Wagenburg Tactics
50:06 Imperial Age
48:20 Hand Cart
48:07 Town Patrol
49:34 Leather Archer Armor
49:36 Chain Mail Armor
51:29 Conscription
51:53 Halberdier
55:29 Guilds
55:45 Bow Saw
Nikogu998
10:59 Feudal Age
12:47 Town Watch
15:11 Fletching
16:07 Horse Collar
20:18 Bloodlines
21:30 Scale Barding Armor
21:59 Padded Archer Armor
26:22 Castle Age
26:38 Elite Skirmisher
26:48 Pikeman
26:51 Light Cavalry
27:47 Heavy Plow
29:47 Crossbowman
31:57 Husbandry
33:54 Town Patrol
34:30 Wheelbarrow
40:02 Chain Barding Armor
41:01 Hand Cart
42:55 Bodkin Arrow
43:17 Leather Archer Armor
47:25 Imperial Age
45:24 Loom
47:46 Thumb Ring
47:49 Hussar
53:12 Halberdier
Connection lost

Rejoining the realm…

Still unreachable

The connection could not be restored.

Session expired

The server has moved on; the page needs a fresh start.